3AAA
ELLENBURG FIGHTING DACHSUNDS @ MONONGAHELA MONSTERS
08/16/2042
 
TOP OF THE 1ST
Ellenburg Fighting Dachsunds batting - Pitching for Monongahela Monsters : RHP Phil Steur
Pitching: RHP Phil Steur
Batting: LHB Tony Worley 0-0: Called Strike
0-1: Foul Ball, location: 2F
0-2: Foul Ball, location: 2F
0-2: Ball
1-2: Strikes out looking
Batting: RHB David Alcabú 0-0: Ball
1-0: Ball
2-0: Ball
3-0: Called Strike
3-1: Swinging Strike
3-2: Strikes out swinging
Batting: LHB Javier Castro 0-0: Ball
1-0: Hit by Pitch
Batting: LHB Mike Johnstone 0-0: Called Strike
0-1: Ball
1-1: Foul Ball, location: 2F
1-2: Fly out, F5 (Popup, 56S, EV 81.2 MPH)
Top of the 1st over - 0 runs, 0 hits, 0 errors, 1 left on base; Ellenburg 0 - Monongahela 0
BOTTOM OF THE 1ST
Monongahela Monsters batting - Pitching for Ellenburg Fighting Dachsunds : RHP Bailey Borrett
Pitching: RHP Bailey Borrett
Batting: RHB Román García 0-0: Swinging Strike
0-1: Called Strike
0-2: Ground out 6-3 (Groundball, 6M, EV 82.5 MPH)
Batting: LHB George Runnalls 0-0: Called Strike
0-1: Foul Ball, location: 2F
0-2: Ball
1-2: Foul Ball, location: 2F
1-2: Ground out 5-3 (Groundball, 56S, EV 85.0 MPH)
Batting: RHB Li-ren Ku 0-0: Called Strike
0-1: Fly out, F7 (Flyball, 7D, EV 85.0 MPH)
Bottom of the 1st over - 0 runs, 0 hits, 0 errors, 0 left on base; Ellenburg 0 - Monongahela 0
TOP OF THE 2ND
Ellenburg Fighting Dachsunds batting - Pitching for Monongahela Monsters : RHP Phil Steur
Batting: RHB Sze Qi 0-0: Foul Ball, location: 2F
0-1: Swinging Strike
0-2: Ball
1-2: Strikes out swinging
Batting: LHB Eric Manchester 0-0: Foul Ball, location: 2F
0-1: Ball
1-1: Swinging Strike
1-2: Ball
2-2: Foul Ball, location: 2F
2-2: Ball
3-2: DOUBLE (Line Drive, 89M, EV 104.4 MPH)
Batting: RHB Jesús Méndez 0-0: Called Strike
0-1: TRIPLE (Line Drive, 89XD, EV 101.9 MPH)
Eric Manchester scores
Batting: LHB Larry Moore 0-0: SINGLE (Groundball, 4MD, EV 93.8 MPH)
Jesús Méndez scores
Batting: RHB Kent Potter 0-0: Called Strike
0-1: Ball
1-1: Called Strike
1-2: Foul Ball, location: 2F
1-2: Fly out, F8 (Flyball, 89M, EV 81.2 MPH)
Batting: LHB Tony Worley 0-0: Ball
Larry Moore is caught stealing 2nd base 2-6
Top of the 2nd over - 2 runs, 3 hits, 0 errors, 0 left on base; Ellenburg 2 - Monongahela 0
BOTTOM OF THE 2ND
Monongahela Monsters batting - Pitching for Ellenburg Fighting Dachsunds : RHP Bailey Borrett
Batting: LHB Royce Foster 0-0: Ball
1-0: Called Strike
1-1: Ground out 5-3 (Groundball, 6, EV 93.1 MPH)
Batting: RHB Richello Oliva 0-0: Called Strike
0-1: Fly out, F8 (Flyball, 8RS, EV 88.1 MPH)
Batting: RHB Jerry Williams 0-0: SINGLE (Groundball, 5S, EV 63.8 MPH) (infield hit)
Batting: SHB Ron Carlisle Pickoff Throw to First - Out! 1-3
Bottom of the 2nd over - 0 runs, 1 hit, 0 errors, 0 left on base; Ellenburg 2 - Monongahela 0
TOP OF THE 3RD
Ellenburg Fighting Dachsunds batting - Pitching for Monongahela Monsters : RHP Phil Steur
Batting: LHB Tony Worley 0-0: Foul Ball, location: 2F
0-1: Called Strike
0-2: Foul Ball, location: 2F
0-2: Ball
1-2: Foul Ball, location: 2F
1-2: Ball
2-2: Ball
3-2: Strikes out swinging
Batting: RHB David Alcabú 0-0: Ball
1-0: Ball
2-0: Foul Ball, location: 2F
2-1: Called Strike
2-2: SINGLE (Groundball, 4MD, EV 97.5 MPH)
Batting: LHB Javier Castro 0-0: Ball
David Alcabú steals 2nd base
1-0: Called Strike
1-1: Swinging Strike
1-2: Ball
2-2: SINGLE (Groundball, 4, EV 77.5 MPH) (infield hit)
David Alcabú to third
Batting: LHB Mike Johnstone 0-0: Ball
1-0: Ball
2-0: Called Strike
2-1: Foul Ball, location: 2F
2-2: Ball
Javier Castro steals 2nd base (no throw)
3-2: Ground out U3 (Groundball, 3S, EV 90.6 MPH)
David Alcabú scores
Javier Castro to third
Batting: RHB Sze Qi 0-0: Ball
1-0: Ball
2-0: Ball
3-0: Called Strike
3-1: Foul Ball, location: 2F
3-2: Ground out 1-3 (Groundball, 13S, EV 71.2 MPH)
Top of the 3rd over - 1 run, 2 hits, 0 errors, 1 left on base; Ellenburg 3 - Monongahela 0
BOTTOM OF THE 3RD
Monongahela Monsters batting - Pitching for Ellenburg Fighting Dachsunds : RHP Bailey Borrett
Batting: SHB Ron Carlisle 0-0: Ball
1-0: Ground out 4-3 (Groundball, 4, EV 95.6 MPH)
Batting: RHB Shao Qigang 0-0: Foul Ball, location: 2F
0-1: Foul Ball, location: 2F
0-2: Ball
1-2: Ball
2-2: Foul Ball, location: 2F
2-2: Strikes out swinging
Batting: LHB Ramiro Palmeiro 0-0: Called Strike
0-1: Foul Ball, location: 2F
0-2: Foul Ball, location: 2F
0-2: Ball
1-2: Ball
2-2: SINGLE (Groundball, 4MD, EV 103.1 MPH)
Batting: RHB Román García 0-0: Foul Ball, location: 2RF, Error on foul ball, E2
0-1: Ball
1-1: Swinging Strike
1-2: Ball
2-2: Fly out, F8 (Line Drive, 8RD, EV 91.9 MPH)
Bottom of the 3rd over - 0 runs, 1 hit, 1 error, 1 left on base; Ellenburg 3 - Monongahela 0
TOP OF THE 4TH
Ellenburg Fighting Dachsunds batting - Pitching for Monongahela Monsters : RHP Phil Steur
Batting: LHB Eric Manchester 0-0: Called Strike
0-1: SINGLE (Line Drive, 8LS, EV 91.9 MPH)
Batting: RHB Jesús Méndez 0-0: Ball
Eric Manchester steals 2nd, throwing error, E2
Eric Manchester to third
1-0: Foul Ball, location: 2F
1-1: SINGLE (Line Drive, 4D, EV 103.8 MPH)
Eric Manchester scores
Pitching: RHP Ivano Carbonetti
Batting: LHB Larry Moore 0-0: Called Strike
0-1: Ball
1-1: Foul Ball, location: 2F
1-2: Strikes out swinging
Batting: RHB Kent Potter 0-0: Fly out, F9 (Line Drive, 9D, EV 93.1 MPH)
Runner from 1st tags up, SAFE at 2nd
Batting: LHB Tony Worley 0-0: Foul Ball, location: 2F
0-1: Foul Ball, location: 2F
0-2: Strikes out swinging
Top of the 4th over - 1 run, 2 hits, 1 error, 1 left on base; Ellenburg 4 - Monongahela 0
BOTTOM OF THE 4TH
Monongahela Monsters batting - Pitching for Ellenburg Fighting Dachsunds : RHP Bailey Borrett
Batting: LHB George Runnalls 0-0: Ball
1-0: SINGLE (Groundball, 6MD, EV 98.8 MPH)
Batting: RHB Li-ren Ku 0-0: Ground out 5-3 (Groundball, 56S, EV 75.0 MPH)
George Runnalls to second
Batting: LHB Royce Foster 0-0: Ball
1-0: Foul Ball, location: 2F
1-1: Ball
2-1: Fly out, F7 (Flyball, 78M, EV 87.5 MPH)
Pitching: RHP Larry Henderson
Batting: RHB Richello Oliva 0-0: Ball
1-0: Ball
2-0: Ground out 5-3 (Groundball, 56, EV 88.8 MPH)
Bottom of the 4th over - 0 runs, 1 hit, 0 errors, 1 left on base; Ellenburg 4 - Monongahela 0
TOP OF THE 5TH
Ellenburg Fighting Dachsunds batting - Pitching for Monongahela Monsters : RHP Ivano Carbonetti
Batting: RHB David Alcabú 0-0: Foul Ball, location: 2F
0-1: Fly out, F8 (Flyball, 8LS, EV 97.5 MPH)
Batting: LHB Javier Castro 0-0: Ball
1-0: Called Strike
1-1: SINGLE (Groundball, 6D, EV 105.6 MPH)
Batting: LHB Mike Johnstone 0-0: Foul Ball, location: 2F
0-1: Ball
1-1: Ball
2-1: Hit by Pitch
Javier Castro to second
Batting: RHB Sze Qi 0-0: Foul Ball, location: 2F
0-1: Ball
Javier Castro steals 3rd base
Mike Johnstone to second
1-1: Ground out 6-3 (Groundball, 6, EV 79.4 MPH)
Javier Castro scores
Batting: LHB Eric Manchester 0-0: Ball
1-0: Ball
2-0: SINGLE (Groundball, 6MD, EV 100.0 MPH)
Mike Johnstone to third
Runner from 3rd tries for Home, SAFE, no throw by CF
Batting: RHB Jesús Méndez 0-0: Called Strike
0-1: Ball
1-1: Fly out, F8 (Flyball, 8LM, EV 85.0 MPH)
Top of the 5th over - 2 runs, 2 hits, 0 errors, 1 left on base; Ellenburg 6 - Monongahela 0
BOTTOM OF THE 5TH
Monongahela Monsters batting - Pitching for Ellenburg Fighting Dachsunds : RHP Larry Henderson
Batting: RHB Jerry Williams 0-0: Called Strike
0-1: Swinging Strike
0-2: Strikes out swinging
Batting: SHB Ron Carlisle 0-0: Called Strike
0-1: Ground out 1-3 (Groundball, P, EV 79.4 MPH)
Batting: RHB Shao Qigang 0-0: Called Strike
0-1: Ball
1-1: Ball
2-1: Fly out, F8 (Flyball, 8LM, EV 93.8 MPH)
Bottom of the 5th over - 0 runs, 0 hits, 0 errors, 0 left on base; Ellenburg 6 - Monongahela 0
TOP OF THE 6TH
Ellenburg Fighting Dachsunds batting - Pitching for Monongahela Monsters : RHP Ivano Carbonetti
Batting: LHB Larry Moore 0-0: Called Strike
0-1: Foul Ball, location: 2F
0-2: Foul Ball, location: 2F
0-2: Foul Ball, location: 2F
0-2: Ball
1-2: SINGLE (Line Drive, 6MD, EV 96.9 MPH)
Batting: RHB Kent Potter 0-0: Ball
1-0: Ball
2-0: Ball
3-0: Called Strike
3-1: Foul Ball, location: 2F
3-2: Grounds into double play, 5-4-3 (Groundball, 5S, EV 76.9 MPH)
Batting: LHB Tony Worley 0-0: Foul Ball, location: 2F
0-1: Ball
1-1: Ball
2-1: Swinging Strike
2-2: Ball
3-2: SOLO HOME RUN (Flyball, 9D, EV 108.1 MPH), Distance : 371 ft
Batting: RHB David Alcabú 0-0: Called Strike
0-1: Foul Ball, location: 2F
0-2: Strikes out looking
Top of the 6th over - 1 run, 2 hits, 0 errors, 0 left on base; Ellenburg 7 - Monongahela 0
BOTTOM OF THE 6TH
Monongahela Monsters batting - Pitching for Ellenburg Fighting Dachsunds : RHP Larry Henderson
Batting: LHB Ramiro Palmeiro 0-0: Swinging Strike
0-1: Foul Ball, location: 2F
0-2: Ball
1-2: Strikes out swinging
Batting: RHB Román García 0-0: Ball
1-0: Ball
2-0: Foul Ball, location: 2F
2-1: Ball
3-1: Called Strike
3-2: Base on Balls
Batting: LHB George Runnalls 0-0: Called Strike
Román García steals 2nd base (no throw)
0-1: Ground out U3 (Groundball, 3S, EV 84.4 MPH)
Román García to third
Batting: RHB Li-ren Ku 0-0: Fly out, F8 (Flyball, 89D, EV 88.1 MPH)
Bottom of the 6th over - 0 runs, 0 hits, 0 errors, 1 left on base; Ellenburg 7 - Monongahela 0
TOP OF THE 7TH
Ellenburg Fighting Dachsunds batting - Pitching for Monongahela Monsters : RHP Ivano Carbonetti
Batting: LHB Javier Castro 0-0: Ball
1-0: Foul Ball, location: 2F
1-1: Ground out 4-3 (Groundball, 34D, EV 101.2 MPH)
Pinch Hitting: LHB Sergio Morán 0-0: Ball
1-0: Foul Ball, location: 2F
1-1: Ball
2-1: Ball
3-1: Fly out, F9 (Flyball, 9S, EV 84.4 MPH)
Batting: RHB Sze Qi 0-0: Foul Ball, location: 2F
0-1: Swinging Strike
0-2: Foul Ball, location: 2F
0-2: Ball
1-2: Ball
2-2: Strikes out looking
Top of the 7th over - 0 runs, 0 hits, 0 errors, 0 left on base; Ellenburg 7 - Monongahela 0
BOTTOM OF THE 7TH
Monongahela Monsters batting - Pitching for Ellenburg Fighting Dachsunds : RHP Larry Henderson
Now at 1B: Sergio Morán
Pinch Hitting: RHB Colt Allen 0-0: Ball
1-0: Foul Ball, location: 2F
1-1: Fly out, F7 (Flyball, 7LS, EV 87.5 MPH)
Pinch Hitting: LHB Alec Hall 0-0: Ball
1-0: Ball
2-0: Ball
3-0: Base on Balls
Batting: RHB Jerry Williams 0-0: Ball
1-0: Grounds into double play, 4-6-3 (Groundball, 34, EV 77.5 MPH)
Bottom of the 7th over - 0 runs, 0 hits, 0 errors, 0 left on base; Ellenburg 7 - Monongahela 0
TOP OF THE 8TH
Ellenburg Fighting Dachsunds batting - Pitching for Monongahela Monsters : RHP Ivano Carbonetti
Now at 1B: Alec Hall
Now in LF: Colt Allen
Batting: LHB Eric Manchester 0-0: Foul Ball, location: 2F
0-1: SOLO HOME RUN (Flyball, 89XD, EV 96.2 MPH), Distance : 433 ft
Pitching: LHP Alfredo Córdova
Batting: RHB Jesús Méndez 0-0: Called Strike
0-1: Ball
1-1: Ball
2-1: Fly out, F9 (Line Drive, 9, EV 88.8 MPH)
Batting: LHB Larry Moore 0-0: Ball
1-0: Ball
2-0: SINGLE (Groundball, 5S, EV 72.5 MPH) (infield hit)
Batting: RHB Kent Potter 0-0: Fielders Choice at 2nd, 6-4 (Groundball, 6, EV 103.1 MPH)
Batting: LHB Tony Worley 0-0: Fly out, F8 (Line Drive, 8RD, EV 100.0 MPH)
Top of the 8th over - 1 run, 2 hits, 0 errors, 1 left on base; Ellenburg 8 - Monongahela 0
BOTTOM OF THE 8TH
Monongahela Monsters batting - Pitching for Ellenburg Fighting Dachsunds : RHP Larry Henderson
Batting: SHB Ron Carlisle 0-0: Foul Ball, location: 2F
0-1: Ball
1-1: Fly out, F7 (Flyball, 8LS, EV 93.1 MPH)
Batting: RHB Shao Qigang 0-0: Ball
1-0: Ball
2-0: Fly out, F5 (Popup, 25F, EV 77.5 MPH)
Batting: LHB Ramiro Palmeiro 0-0: Called Strike
0-1: Called Strike
0-2: Ball
1-2: Ground out U3 (Groundball, 34, EV 91.2 MPH)
Bottom of the 8th over - 0 runs, 0 hits, 0 errors, 0 left on base; Ellenburg 8 - Monongahela 0
TOP OF THE 9TH
Ellenburg Fighting Dachsunds batting - Pitching for Monongahela Monsters : LHP Alfredo Córdova
Pitching: RHP Edmond McCord
Batting: RHB David Alcabú 0-0: Called Strike
0-1: Foul Ball, location: 2F
0-2: Ball
1-2: Foul Ball, location: 2F
1-2: Ball
2-2: Foul Ball, location: 2F
2-2: Strikes out looking
Batting: LHB Javier Castro 0-0: Foul Ball, location: 2F
0-1: Foul Ball, location: 2F
0-2: Fly out, F8 (Flyball, 89D, EV 106.9 MPH)
Batting: LHB Sergio Morán 0-0: Ground out 4-3 (Groundball, 34, EV 103.1 MPH)
Top of the 9th over - 0 runs, 0 hits, 0 errors, 0 left on base; Ellenburg 8 - Monongahela 0
BOTTOM OF THE 9TH
Monongahela Monsters batting - Pitching for Ellenburg Fighting Dachsunds : RHP Larry Henderson
Batting: RHB Román García 0-0: Called Strike
0-1: Ball
1-1: Ground out 4-3 (Groundball, 4, EV 76.9 MPH)
Batting: LHB George Runnalls 0-0: Ball
1-0: Foul Ball, location: 2F
1-1: Ball
2-1: Swinging Strike
2-2: Ball
3-2: Base on Balls
Batting: RHB Li-ren Ku 0-0: Called Strike
0-1: Ball
1-1: SINGLE (Line Drive, 56D, EV 98.8 MPH)
George Runnalls to second
Batting: RHB Colt Allen 0-0: Ball
1-0: Ball
2-0: Fielders Choice at 2nd, 3-6 (Groundball, 34, EV 88.8 MPH)
George Runnalls to third
Batting: LHB Alec Hall 0-0: SINGLE (Flyball, 7LS, EV 93.1 MPH)
George Runnalls scores
Colt Allen to second
Batting: RHB Jerry Williams 0-0: SINGLE (Groundball, 4MD, EV 106.2 MPH)
Colt Allen to third
Alec Hall to second
Batting: SHB Ron Carlisle 0-0: Ball
1-0: Swinging Strike
1-1: Foul Ball, location: 2F
1-2: Ball
2-2: Ball
3-2: Base on Balls
Colt Allen scores
Alec Hall to third
Jerry Williams to second
Batting: RHB Shao Qigang 0-0: Ball
1-0: Ball
2-0: Ball
3-0: Base on Balls
Alec Hall scores
Jerry Williams to third
Ron Carlisle to second
Pitching: RHP Tsugahara Hori
Batting: LHB Ramiro Palmeiro 0-0: Called Strike
0-1: Called Strike
0-2: Strikes out looking
Bottom of the 9th over - 3 runs, 3 hits, 0 errors, 3 left on base; Ellenburg 8 - Monongahela 3
Friday, March 26th, 2021 - OOTP Baseball 20.8 Build 74